 Dungeon Crawl Stone Soup version 0.28.0-43-g3370ac3207 (webtiles) character file.

Game seed: 4967231734330131347

3567 sizableburger the Cleaver (level 9, 0/57 HPs)
             Began as a Deep Elf Fighter on Mar 30, 2022.
             Was a Priest of Okawaru.
             Succumbed to a gnoll's poison
             ... on level 8 of the Dungeon.
             The game lasted 00:23:13 (10256 turns).

sizableburger the Cleaver (Deep Elf Fighter)       Turns: 10256, Time: 00:23:14

Health: 0/57       AC: 16    Str: 17    XL:     9   Next: 84%
Magic:  22/22      EV:  6    Int: 14    God:    Okawaru [***...]
Gold:   414        SH:  4    Dex: 14    Spells: 10/11 levels left

rFire   . . .      SeeInvis .   a - +0 war axe (elec)
rCold   + . .      Faith    .   c - +0 buckler
rNeg    . . .      Spirit   .   k - +3 chain mail
rPois   .          Reflect  .   (no helmet)
rElec   .          Harm     .   l - +0 cloak
rCorr   .          Rampage  .   (no gloves)
Will    .....                   e - +2 pair of boots
Stlth   ..........              (no amulet)
HPRegen 0.19/turn               b - ring of protection from cold
MPRegen 0.18/turn               j - ring of magical power

@: lethally poisoned (0 -> -5), attractive
A: no striking features
a: Renounce Religion, Heroism


You were on level 8 of the Dungeon.
You worshipped Okawaru.
Okawaru was most pleased with you.
You visited 1 branch of the dungeon, and saw 8 of its levels.

You collected 414 gold pieces.

Inventory:

Hand Weapons
 a - a +0 war axe of electrocution (weapon)
Missiles
 g - 9 boomerangs (quivered)
 i - 3 javelins
Armour
 c - a +0 buckler (worn)
 e - a +2 pair of boots (worn)
 k - a +3 chain mail (worn)
 l - a +0 cloak (worn)
Jewellery
 b - a ring of protection from cold (left hand)
 j - a ring of magical power (right hand)
 o - a ring of fire
 t - a ring of positive energy
Wands
 f - a wand of acid (4)
 p - a wand of polymorph (7)
Scrolls
 m - a scroll of magic mapping
 n - a scroll of amnesia
 q - a scroll of teleportation
 s - a scroll of noise {unknown}
 v - a scroll of fog
Potions
 h - 3 potions of flight


   Skills:
 - Level 7.0 Fighting
 + Level 9.0 Axes
 + Level 3.2 Throwing
 + Level 2.5 Armour
 - Level 2.4 Shields
 - Level 1.8 Spellcasting
 - Level 1.9 Hexes
 - Level 3.0 Invocations


You had 10 spell levels left.
You knew the following spells:

 Your Spells              Type           Power      Damage    Failure   Level
a - Slow                  Hex            24%        N/A       93%         1

Your spell library contained the following spells:

 Spells                   Type           Power      Damage    Failure   Level
 Ensorcelled Hibernation  Hex/Ice        8%         N/A       99%         2
 Confusing Touch          Hex            6%         N/A       100%        3
 Spider Form              Tmut/Pois      1%         N/A       100%        3
 Vampiric Draining        Necr           1%         2d6       100%        3
 Anguish                  Hex/Necr       2%         N/A       100%        4
 Petrify                  Tmut/Erth      1%         N/A       100%        4
 Metabolic Englaciation   Hex/Ice        2%         N/A       100%        5
 Statue Form              Tmut/Erth      0%         N/A       100%        6


Dungeon Overview and Level Annotations

Branches:
Dungeon (8/15)             Temple (0/1) D:4
   Lair: D:8-11

Altars:
Cheibriados
Makhleb
Okawaru
Sif Muna
Trog
Uskayaw

Shops:
D:2 [   D:6 ?=:


Message History

You feel sick.
You are no longer poisoned.
The gnoll sergeant hits you but does no damage.
The howler monkey hits you.
* * * LOW HITPOINT WARNING * * *
You hit the gnoll sergeant but do no damage.
The gnoll sergeant is almost dead.
You hit the howler monkey but do no damage.
The howler monkey hits you.
* * * LOW HITPOINT WARNING * * *
The gnoll sergeant hits you but does no damage.
Unknown command.
Okay, then.
The gnoll sergeant hits you from afar with a +0 spear!
* * * LOW HITPOINT WARNING * * *
The howler monkey hoots and howls with incredible vigour!
You feel better.
The gnoll sergeant hits you but does no damage.
The gnoll hits you from afar with a +1 spear of venom.
* * * LOW HITPOINT WARNING * * *
You are lethally poisoned!
The howler monkey hits you but does no damage.
Okay, then.
Okay, then.
It was a potion of attraction.
You feel attractive to monsters.
* * * LOW HITPOINT WARNING * * *
You feel sick. The gnoll sergeant barely misses you.
The howler monkey hits you.
* * * LOW HITPOINT WARNING * * *
The gnoll hits you but does no damage.
Okay, then.
Throw: throwing net
Press: ? - help, Q - select action, (/) - cycle Shift-Dir - straight line, f - howler monkey
Aim: a howler monkey (severely wounded, 60% to hit)
You throw a throwing net.
The throwing net hits the howler monkey.
The howler monkey is caught in the net!
The howler monkey is severely wounded.
You die...

#........# #.# #.# #
#........# #.# #.# #
#........#
#.#####.########
###.########
#.##...........# ....#
#.##...........# #####
#)##...........#
#).#...........#
##.#...........#
#@#...[.......#
########h#.g.........#
#.......gg###.########
#.......#.# #.#
#.......#.###.#
........#..##.#
.............<#
........##..#.#
........###.#g#


You could see a gnoll sergeant, a howler monkey (caught) and a gnoll.

Vanquished Creatures
  Harold (D:8)
  Erica (D:8)
  A hornet (D:8)
  A sky beast (D:7)
  An ice beast (D:5)
  3 ogres
  3 necrophages
  A centaur (D:5)
  2 phantoms
  2 kobold brigands
  2 bullfrogs
  A scorpion (D:6)
  A wyvern skeleton (D:7)
  A water moccasin skeleton (D:4)
  4 wights (D:7)
  2 centaur zombies
  2 bullfrog skeletons
  2 hounds
  2 orc priests
  A centaur skeleton (D:5)
  2 bullfrog zombies (D:5)
  An orc wizard (D:7)
  7 gnolls
  7 adders
  A shadow imp (D:5)
  A worm (D:3)
  2 dart slugs (D:2)
  24 orcs
  5 bats
  5 endoplasms
  4 giant cockroaches
  9 hobgoblins
  2 jackals (D:1)
  20 kobolds
  5 quokkas
  11 ball pythons
  5 frilled lizards (D:1)
  6 goblins
  A quokka skeleton (D:4)
  A quokka zombie (D:4)
  8 rats
  A rat zombie (D:4)
162 creatures vanquished.

Notes
Turn   | Place    | Note
-------+----------+-------------------------------------------
     0 | D:1      | sizableburger the Deep Elf Fighter began the quest for the
                  | Orb.
     0 | D:1      | Reached XP level 1. HP: 13/13 MP: 3/3
   320 | D:1      | Reached XP level 2. HP: 18/18 MP: 4/4
   357 | D:1      | Reached skill level 2 in Axes
   955 | D:2      | Reached XP level 3. HP: 22/22 MP: 5/5
  1094 | D:2      | Found Bacur's Antique Armour Emporium.
  2134 | D:3      | Reached XP level 4. HP: 28/28 MP: 6/6
  3319 | D:4      | Noticed an ogre
  3335 | D:4      | Killed an ogre
  3336 | D:4      | Reached skill level 3 in Axes
  3336 | D:4      | Reached XP level 5. HP: 33/33 MP: 7/7
  3363 | D:4      | Found an iron altar of Okawaru.
  3396 | D:4      | Became a worshipper of Warmaster Okawaru
  3631 | D:4      | Found a staircase to the Ecumenical Temple.
  3817 | D:4      | Noticed a phantom
  3838 | D:4      | Killed a phantom
  3839 | D:4      | Reached XP level 6. HP: 13/38 MP: 8/8
  4126 | D:4      | Learned a level 1 spell: Slow
  4533 | D:4      | Reached skill level 4 in Axes
  4533 | D:4      | Reached skill level 1 in Hexes
  4614 | D:4      | Found a shimmering blue altar of Sif Muna.
  4713 | D:4      | Reached skill level 1 in Spellcasting
  4718 | D:5      | Entered Level 5 of the Dungeon
  4788 | D:5      | Found a hide-covered altar of Uskayaw.
  4996 | D:5      | Found a bloodstained altar of Trog.
  5096 | D:5      | Noticed a two-headed ogre
  5471 | D:5      | Reached XP level 7. HP: 43/44 MP: 11/11
  5506 | D:5      | Noticed a two-headed ogre
  5507 | D:5      | Reached * piety under Okawaru
  6043 | D:6      | Found Nozxeruv's Magic Scroll Boutique.
  6459 | D:6      | Reached skill level 1 in Invocations
  6586 | D:6      | Reached skill level 5 in Fighting
  6771 | D:6      | Reached skill level 5 in Axes
  6817 | D:6      | Found Muma's Jewellery Shoppe.
  6842 | D:6      | Found Raink's Book Shoppe.
  7113 | D:7      | Reached XP level 8. HP: 40/49 MP: 12/12
  7405 | D:7      | Reached skill level 6 in Axes
  7847 | D:7      | Reached ** piety under Okawaru
  8062 | D:7      | Reached skill level 7 in Axes
  8156 | D:7      | Found a snail-covered altar of Cheibriados.
  8191 | D:7      | Found a burning altar of Makhleb.
  8296 | D:8      | Noticed Erica
  8433 | D:8      | Killed Erica
  8433 | D:8      | Reached *** piety under Okawaru
  8434 | D:8      | Reached skill level 8 in Axes
  8434 | D:8      | Reached XP level 9. HP: 24/55 MP: 13/13
  8613 | D:8      | Noticed Harold
  8645 | D:8      | Paralysed by a hornet for 3 turns
  9033 | D:5      | Received a gift from Okawaru
  9158 | D:5      | Reached skill level 1 in Throwing
  9480 | D:8      | Killed Harold
  9885 | D:8      | Reached skill level 9 in Axes
 10000 | D:7      | Noticed a rust devil
 10000 | D:7      | Noticed a rust devil
 10253 | D:8      | HP: 1/57 [gnoll sergeant/+0 spear (7)]
 10256 | D:8      | Succumbed to a gnoll's poison

Illustrated notes

Levels and vault maps discovered:
D:1:      minmay_arrival_jagged, layout_loops_ring, minmay_lizard_pond
D:2:      layout_loops_corners, serial_shops, nicolae_square_shop,
          minmay_tromino_i2
D:3:      layout_loops_ring, minmay_misc_feat_square, grunt_ministairs_13,
          amcnicky_mini_pool_small
D:4:      layout_loops_ring, okawaru_metal_pillars_1_2, lemuel_blue_sif_altar,
          minmay_temple_entry_water_ring, enter_ossuary_4
D:5:      layout_gridville, nicolae_uskayaw_suspiria, kennysheep_mini_moat,
          item_on_display_a
D:6:      layout_rooms, serial_shops, nicolae_shop_stone, kennysheep_little_box,
          shop, serial_corexii_hall, corexii_hall_statues_l,
          chequers_hall_statues_wall_a
D:7:      cheibrodos_iron_armory, layout_rooms, cheibriados_altar_1,
          overflow_temple_1_default
D:8:      layout_basic, uniq_erica, uniq_harold

Skill      XL: |  1  2  3  4  5  6  7  8  9 |
---------------+----------------------------+-----
Axes           | 2 3 4 5 8 9 |  9.0
Fighting       | 3 4 5 6 7 |  7.0
Hexes          | 1 |  1.9
Spellcasting   | 1 |  1.8
Invocations    | 3 |  3.0
Throwing       | 3 |  3.2
Armour         | |  2.5
Shields        | |  2.4

Action                   |  1- 3 |  4- 6 |  7- 9 || total
-------------------------+-------+-------+-------++-------
Melee: War axe           |   135 |   140 |   293 ||   568
Throw: Boomerang         |       |     5 |    13 ||    18
       Throwing net      |       |       |     3 ||     3
Invok: Heroism           |       |       |     3 ||     3
Evoke: Wand              |       |       |     4 ||     4
  Use: Potion            |     1 |     2 |     8 ||    11
       Scroll            |       |    15 |     3 ||    18
 Stab: Invisible         |       |       |     5 ||     5
       Held in net/web   |       |       |     4 ||     4
Armor: Scale mail        |    75 |    73 |     6 ||   154
       Chain mail        |       |       |   199 ||   199
Dodge: Dodged            |    52 |    63 |    78 ||   193
Block: Buckler           |    33 |    31 |    61 ||   125
